 Dungeon Crawl Stone Soup version 0.16-a0-253-g996e5b4 (webtiles) character file.

208 Herrn the Ruinous (level 5, -5/28 HPs)
             Began as a Tengu Fire Elementalist on Aug 23, 2014.
             Slain by a phantom (7 damage)
             ... on Level 3 of the Dungeon.
             The game lasted 00:12:26 (3045 turns).

Herrn the Ruinous (Tengu Fire Elementalist)         Turns: 3045, Time: 00:12:26

HP  -5/28        AC  3     Str  8      XL: 5   Next: 86%
MP   0/14        EV 12     Int 16      God:
Gold 79          SH  0     Dex 15      Spells:  3 memorised,  4 levels left

rFire  . . .     SeeInvis .     (no weapon)
rCold  . . .     Clarity  .     a - +0 robe
rNeg   . . .     rCorr    .     (no shield)
rPois  .         rRot     .     (helmet restricted)
rElec  .         Spirit   .     t - +0 cloak
SustAb .         Warding  .     (no gloves)
rMut   +         Stasis   .     (boots unavailable)
Gourm  .                        r - amulet of resist mutation
MR     .....                    (no ring)
                                (no ring)

@: not resistant to hostile enchantments, unstealthy
A: able to fly, beak, talons 3
a: Fly


You were on level 3 of the Dungeon.
You were hungry.

You visited 1 branch of the dungeon, and saw 3 of its levels.

You collected 79 gold pieces.

Inventory:

Hand weapons
 o - a +2 flail of holy wrath
Armour
 a - a +0 robe (worn)
 t - a +0 cloak (worn)
Magical devices
 u - a wand of random effects (15)
Comestibles
 c - a bread ration
 f - 3 meat rations
 z - a rotting chunk of orc flesh
Scrolls
 e - a scroll of fear {unknown}
 h - a scroll of fog {unknown}
 k - 3 scrolls of random uselessness {unknown}
 l - a scroll of recharging {unknown}
 m - 4 scrolls of identify {unknown}
 p - a scroll of enchant armour {unknown}
 s - a scroll of teleportation {unknown}
 w - a scroll of remove curse {unknown}
Jewellery
 r - an amulet of resist mutation (around neck)
Potions
 d - 2 potions of restore abilities {unknown}
 g - a potion of heal wounds {unknown}
 i - a potion of curing {unknown}
 j - a potion of poison {unknown}
 n - a potion of invisibility {unknown}
 q - a potion of resistance {unknown}
 x - 2 potions of agility {unknown}
Books
 b - a book of Flames

   Spells                             Type                      Level
   *Flame Tongue                      Conjuration/Fire             1
   *Throw Flame                       Conjuration/Fire             2
   Conjure Flame                      Conjuration/Fire             3
   Inner Flame                        Hexes/Fire                   3
   *Sticky Flame                      Conjuration/Fire             4
   Fireball                           Conjuration/Fire             5
 v - a book of Fire

   Spells                             Type                      Level
   Ignite Poison                      Fire/Transmutation           5
   Fireball                           Conjuration/Fire             5
   Bolt of Fire                       Conjuration/Fire             6
   Delayed Fireball                   Conjuration/Fire             7
   Ring of Flames                     Charms/Fire                  7


   Skills:
 - Level 2.1 Dodging
 - Level 2.0 Stealth
 + Level 3.9 Spellcasting
 * Level 5.4 Conjurations
 - Level 3.2 Fire Magic


You had 4 spell levels left.
You knew the following spells:

 Your Spells              Type           Power        Failure   Level  Hunger
a - Flame Tongue          Conj/Fire      ###..        3%          1    None
b - Throw Flame           Conj/Fire      ###...       6%          2    ##.....
c - Sticky Flame          Conj/Fire      ###.....     34%         4    ####...


Dungeon Overview and Level Annotations

Branches:
Dungeon (3/15)

Altars:


Innate Abilities, Weirdness & Mutations

You can fly.
You have a beak for a mouth.
You have claws for feet.


Message History

Press: ? - help, Shift-Dir - straight line, f/p - phantom
Aim: a phantom (almost destroyed)
The phantom flickers and vanishes!
Deactivating autopickup; reactivate with Ctrl-A.
Something hits you.
* * * LOW HITPOINT WARNING * * *
There is an open door here.
Casting: Flame Tongue
Confirm with . or Enter, or press ? or * to list all spells.
Aiming: Flame Tongue
Press: ? - help, Shift-Dir - straight line Something hits you.
* * * LOW HITPOINT WARNING * * *
Casting: Flame Tongue
Confirm with . or Enter, or press ? or * to list all spells.
Aiming: Flame Tongue
Press: ? - help, Shift-Dir - straight line Something completely misses you.
You barely miss something. You claw something. Something hits you!
You die...

#########.....# #>.
..........#.### ###
.########.#.#######
#..................
#........#.#########
##########.#........
.........#........
#############.........
#....@......'.........
#.###########.........
#.# #......[.. #.#
###....... #.#
#####'###### #.#
#........... #.#
#........... #.#
#........... #.#
#...........


There were no monsters in sight!

Vanquished Creatures
  Crazy Yiuf (D:3)
  An orc wizard (D:3)
  Terence (D:2)
  6 adders
  An inept item mimic (D:2)
  2 worms
  An adder zombie (D:3)
  A giant gecko (D:3)
  2 orcs (D:3)
  A ball python (D:1)
  2 giant cockroaches (D:1)
  7 hobgoblins
  9 jackals
  2 kobolds
  3 quokkas
  5 bats
  6 giant newts
  7 goblins
  2 goblin skeletons (D:3)
  A goblin zombie (D:3)
  7 rats
68 creatures vanquished.

Notes
Turn   | Place    | Note
--------------------------------------------------------------
     0 | D:1      | Herrn, the Tengu Fire Elementalist, began the quest for the Orb.
     0 | D:1      | Reached XP level 1. HP: 10/10 MP: 3/3
   272 | D:1      | Reached XP level 2. HP: 10/15 MP: 0/5
  1013 | D:2      | Reached XP level 3. HP: 12/19 MP: 2/7
  1152 | D:2      | Learned a level 2 spell: Throw Flame
  1342 | D:2      | Reached XP level 4. HP: 22/24 MP: 8/10
  1463 | D:2      | Noticed Terence
  1476 | D:2      | Killed Terence
  1509 | D:2      | Reached skill level 4 in Conjurations
  1761 | D:2      | Learned a level 4 spell: Sticky Flame
  2164 | D:3      | Noticed Crazy Yiuf
  2174 | D:3      | Killed Crazy Yiuf
  2174 | D:3      | Reached XP level 5. HP: 5/28 MP: 2/13
  2679 | D:3      | Reached skill level 5 in Conjurations
  2990 | D:3      | Noticed a phantom
  3045 | D:3      | Slain by a phantom

Action                   |  1- 3 |  4- 6 || total
-------------------------+-------+-------++-------
Melee: Unarmed           |    18 |     9 ||    27
 Cast: Flame Tongue      |    57 |   117 ||   174
       Throw Flame       |       |     3 ||     3
Evoke: Wand              |       |     2 ||     2
  Eat: Chunk             |     2 |     5 ||     7
